 Dungeon Crawl Stone Soup version 0.30-a0-465-g8901f6c8b5 (webtiles) character file.

Game seed: 5192900731650823450

17 kurumiz the Poker (level 2, -5/29 HPs)
             Began as an Ogre Gladiator on Dec 17, 2022.
             Succumbed to a kobold's poison
             ... on level 1 of the Dungeon.
             The game lasted 00:00:37 (782 turns).

kurumiz the Poker (Ogre Gladiator)                   Turns: 782, Time: 00:00:37

Health: -5/29      AC:  3    Str: 17    XL:     2   Next: 62%
Magic:  2/2        EV: 10    Int:  9    God:
Gold:   36         SH:  0    Dex: 10    Spells: 1/1 levels left

rFire   . . .      SeeInvis .    a - +0 trident
rCold   . . .      Faith    .    (no shield)
rNeg    . . .      Spirit   .    b - +0 robe
rPois   .          Reflect  .    c - +0 hat
rElec   .          Harm     .    (no cloak)
rCorr   .          Rampage  .    (gloves unavailable)
Will    .....                    (boots unavailable)
Stlth   +.........               (no amulet)
HPRegen 0.24/turn                (no ring)
MPRegen 0.08/turn                (no ring)

@: lethally poisoned (-5 -> -27)
A: large, unfitting armour, tough skin 1
a: no special abilities


You were on level 1 of the Dungeon.
You visited 1 branch of the dungeon, and saw 1 of its levels.

You collected 36 gold pieces.

Inventory:

Hand Weapons
 a - a +0 trident (weapon)
Missiles
 d - 3 throwing nets (quivered)
 e - a large rock
Armour
 b - a +0 robe (worn)
 c - a +0 hat (worn)
Jewellery
 k - a ring of poison resistance
Scrolls
 g - a scroll of identify {unknown}
 h - 2 scrolls of vulnerability {unknown}
 i - a scroll of blinking {unknown}
 m - a scroll of noise {unknown}
Potions
 f - a potion of might {unknown}
 j - a potion of degeneration {unknown}
 l - a potion of heal wounds {unknown}


   Skills:
 + Level 2.9 Fighting
 + Level 3.4 Polearms
 + Level 2.1 Throwing
 + Level 2.9 Dodging


You had one spell level left.
You didn't know any spells.
Your spell library contained the following spells:

 Spells                   Type           Power      Damage    Failure   Level
 Magic Dart               Conj           0%         1d3       38%         1
 Searing Ray              Conj           0%         2d4       52%         2
 Fulminant Prism          Conj/Hex       0%         3d5       99%         4


Dungeon Overview and Level Annotations

Branches:
Dungeon (1/15)

Altars:


Innate Abilities, Weirdness & Mutations

You are too large for most types of armour.
You have tough skin. (AC +1)


Message History

You now have 36 gold pieces (gained 3).
You open the door.
There is an open door here.
Found an escape hatch in the floor.
h - 2 scrolls labelled PAMOLIS NUIME (gained 1)
There is a staircase leading out of the dungeon here.
A kobold comes into view. It is wielding a +2 dagger of venom.
The kobold shouts!
A kobold is nearby!
A kobold is nearby!
A bat comes into view.
The bat moves out of view.
You reach to attack!
You completely miss the kobold.
The kobold hits you with a +2 dagger of venom.
You are poisoned.
You completely miss the kobold.
You feel sick.
The kobold hits you with a +2 dagger of venom.
You are more poisoned.
You hit the kobold but do no damage.
You feel very sick. The kobold barely misses you.
You hit the kobold.
The kobold is severely wounded.
You feel very sick.
The kobold hits you with a +2 dagger of venom.
You are more poisoned.
You are too injured to fight recklessly!
You are too injured to fight recklessly!
You are too injured to fight recklessly!
You are too injured to fight recklessly!
You closely miss the kobold.
The kobold is severely wounded.
* * * LOW HITPOINT WARNING * * *
You feel very sick.
The kobold hits you with a +2 dagger of venom.
* * * LOW HITPOINT WARNING * * *
You are more poisoned.
You hit the kobold.
You kill the kobold!
You die...

######..[...########.#
#.###. #.......†.........#
##.#.#
#.#......###############<##
#.#...........#####.#.#.#.#
#.#......####.##...#.#.###.
#.#......####..#.########.#
#.#......#.......# ##.
#.#....^.#.###...## #.#
#.########@# ##...########.
#.# #)# #.#.......... #b.
#.########.## ....
#..........##
#...#######.....). #...#
#....... #...# #.......
#...# #....... ####..(....


You could see a bat.

Vanquished Creatures
  A dart slug (D:1)
  A ball python (D:1)
  An endoplasm (D:1)
  3 goblins (D:1)
  2 hobgoblins (D:1)
  2 kobolds (D:1)
  2 quokkas (D:1)
  A bat (D:1)
13 creatures vanquished.

Notes
Turn   | Place    | Note
-------+----------+-------------------------------------------
     0 | D:1      | kurumiz the Ogre Gladiator began the quest for the Orb.
     0 | D:1      | Reached XP level 1. HP: 22/22 MP: 1/1
   353 | D:1      | Reached XP level 2. HP: 11/29 MP: 2/2
   781 | D:1      | HP: 1/29 [kobold/+2 dagger of venom (4)]
   782 | D:1      | Succumbed to a kobold's poison

Illustrated notes

Levels and vault maps discovered:
D:1:      reono_arrival_mine, layout_basic, amethyst_killhole

Action                   || total
-------------------------++-------
Melee: Trident           ||    53
Armor: Robe              ||     8
Dodge: Dodged            ||    24

Table legend: (Time is in decaauts)
 A = Elapsed time spent in this place.
 B = Non-inter-level travel time spent in this place.
 C = Inter-level travel time spent in this place.
 D = Time resting spent in this place.
 E = Time spent auto-exploring this place.
 F = Levels seen in this place.
 G = Mean time per level.
                   A        B        C        D        E       F      G
               +--------+--------+--------+--------+--------+-----+--------+
         Total |    789 |    789 |      0 |      0 |    682 |   1 |  789.0 |
       Dungeon |    789 |    789 |      0 |      0 |    682 |   1 |  789.0 |
               +--------+--------+--------+--------+--------+-----+--------+

Top non-repeatable levels by time:
     D:1: 789 daAuts
